 Dungeon Crawl Stone Soup version bcrawl-1.12.2 (webtiles) character file.

Game seed: 13613681495864315734

592 Tinylith the Firebug (level 7, 45/45 HPs)
             Began as a Fairy Fire Elementalist on July 13, 2019.
             Quit the game on level 3 of the Dungeon on July 18, 2019.
             The game lasted 00:10:55 (2999 turns).

Tinylith the Firebug (Fairy Fire Elementalist)      Turns: 2999, Time: 00:10:56

Health: 45/45      AC:  5    Str:  6    XL:     7   Next: 39%
Magic:  15/15      EV: 18    Int: 20    God:
Gold:   235        SH:  5    Dex: 13    Spells: 6/14 levels left

rFire    . . .     SeeInvis .   b - +0 hunting sling
rCold    . . .     Gourm    .   (shield restricted)
rNeg     . . .     Faith    .   (armour unavailable)
rPois    .         Spirit   .   (no helmet)
rElec    .         Reflect  .   (no cloak)
rCorr    .         Harm     .   (no gloves)
MR       .....                  (no boots)
Stlth    +.........             (no amulet)
HPRegen  0.15/turn              (no ring)
MPRegen  0.14/turn              (no ring)

@: flying evasively
A: small, magic attunement, unstealthy, unfitting armour, able to fly, AC/SH +5
a: Stop Flying


You were on level 3 of the Dungeon.
You were not hungry.

You visited 1 branch of the dungeon, and saw 3 of its levels.

You collected 235 gold pieces.

Inventory:

Hand Weapons
 a - a +2 dagger of electrocution
 b - a +0 hunting sling (weapon)
Missiles
 i - 613 stones
 j - 98 sling bullets (quivered)
Wands
 m - a wand of flame (14)
 r - a wand of polymorph (4)
Scrolls
 c - a scroll of remove curse {unknown}
 d - 6 scrolls of identify {unknown}
 e - 2 scrolls of enchant weapon {unknown}
 f - a scroll of magic mapping {unknown}
 g - 2 scrolls of fog {unknown}
 n - a scroll of teleportation {unknown}
Potions
 k - a potion of cancellation {unknown}
 l - a potion of might {unknown}
 o - a potion of heal wounds {unknown}
 p - a potion of berserk rage {unknown}
Comestibles
 h - 10 rations {!d}


   Skills:
 + Level 2.2 Fighting
 + Level 4.7 Dodging
 - Level 1.5 Stealth
 + Level 4.2 Spellcasting
 * Level 5.0 Conjurations
 * Level 6.1 Fire Magic


You had 6 spell levels left.
You knew the following spells:

 Your Spells              Type           Power        Failure   Level  Hunger
a - Flame Tongue          Conj/Fire      ####.        1%          1    None
c - Conjure Flame         Conj/Fire      ####....     3%          3    None
s - Sticky Flame          Conj/Fire      ####....     12%         4    None

Your spell library contained the following spells:

 Spells                   Type           Power        Failure   Level  Hunger
 Inner Flame              Hex/Fire       N/A          11%         3    None
 Fireball                 Conj/Fire      ####......   34%         5    None


Dungeon Overview and Level Annotations

Branches:
Dungeon (3/12)

Altars:
Hepliaklqana
Lugonu
Nemelex Xobeh

Annotations:
D:3 2 transporters, Maize's ghost, amateur HOAc


Innate Abilities, Weirdness & Mutations

Your spells do not cause hunger and MP costs are reduced by 1.
Your bright wings attract enemies. (Stealth-)
You cannot fit into any form of body armour.
Your shimmering scales are hard and can block incoming attacks. (AC +5, SH +5)
You are small and have problems with some larger weapons.
You can fly continuously.


Message History

All of the chunks of flesh in your inventory have rotted away.
HP restored.
You now have 235 gold pieces (gained 6).
Found a stone staircase leading up.
There is an open door here.
There is an open door here.
You reach down and open the door.
There is an open door here.
There is an open door here.
There is an open door here.
There is an escape hatch in the ceiling here.
You see here a +0 club.
The quasit gives a chilling moan.
Found a transporter.
Partly explored, unvisited transporter.
Save game and exit?
Level annotation: 2 transporters, Maize's ghost, amateur HOAc Welcome back, Tinylith the Fairy Fire Elementalist.
Press ? for a list of commands and other information.
Are you sure you want to abandon this character and quit the game? (Confirm with "yes".)

#.##.# #..<#.#
#.##.# ###.#.#
#....# #...#.#
###### #.###.#####
#.........#
#########.##
######..####### #
##.............####
#.@####.©.####...##
##.##..##### .###..#
#..#.....$W.5#. ##.#
#.##.##..=###W.. #.#
#.#.....#.....#.##.#
#.#©.##..©..#...#..#
#.#......#..##..#.##
#.##...#. #....#.#
#..#....# .....##.#


There were no monsters in sight!

Vanquished Creatures
  Sigmund (D:2)
  A sky beast (D:2)
  An orc priest (D:3)
  4 orc wizards (D:3)
  Jessica (D:2)
  Ijyb (D:3)
  3 gnolls (D:3)
  3 adders
  A worm (D:3)
  A dart slug (D:3)
  15 orcs
  7 goblins
  12 hobgoblins
  2 quokkas
  7 bats
  2 frilled lizards
  17 kobolds
  5 rats
84 creatures vanquished.

Notes
Turn   | Place    | Note
-------+----------+-------------------------------------------
     0 | D:1      | Tinylith the Fairy Fire Elementalist began the quest for
                  | the Orb.
     0 | D:1      | Reached XP level 1. HP: 11/11 MP: 6/6
   128 | D:1      | Reached XP level 2. HP: 17/17 MP: 7/7
   318 | D:1      | Reached skill level 4 in Fire Magic
   681 | D:2      | Reached XP level 3. HP: 22/22 MP: 9/9
   829 | D:2      | Learned a level 3 spell: Conjure Flame
   994 | D:2      | Noticed Sigmund
  1259 | D:2      | Noticed a sky beast
  1273 | D:2      | Killed a sky beast
  1273 | D:2      | Reached skill level 1 in Fighting
  1273 | D:2      | Reached XP level 4. HP: 4/28 MP: 10/10
  1273 | D:2      | Reached XP level 5. HP: 5/33 MP: 11/11
  1279 | D:2      | Learned a level 4 spell: Sticky Flame
  1776 | D:2      | Killed Sigmund
  1776 | D:2      | Reached skill level 5 in Fire Magic
  1776 | D:2      | Reached XP level 6. HP: 39/39 MP: 9/13
  1926 | D:2      | Noticed Jessica
  1931 | D:2      | Killed Jessica
  2102 | D:2      | Found a hazy altar of Hepliaklqana.
  2223 | D:3      | Found a transporter.
  2223 | D:3      | Noticed Maize's ghost (amateur HOAc)
  2259 | D:3      | Noticed Ijyb
  2280 | D:3      | Killed Ijyb
  2326 | D:3      | Found a sparkling altar of Nemelex Xobeh.
  2426 | D:3      | Reached XP level 7. HP: 36/44 MP: 8/15
  2519 | D:3      | Found a corrupted altar of Lugonu.
  2603 | D:3      | Reached skill level 6 in Fire Magic
  2739 | D:3      | Reached skill level 5 in Conjurations
  2986 | D:3      | Found a transporter.
  2999 | D:3      | Upgraded the game from bcrawl-1.12.1 to bcrawl-1.12.2
  2999 | D:3      | Quit the game

Skill      XL: |  1  2  3  4  5  6  7 |
---------------+----------------------+-----
Conjurations   | 2 3 4 5 |  5.0
Dodging        | 3 4 |  4.7
Fire Magic     | 4 5 6 |  6.1
Fighting       | 1 2 |  2.2
Spellcasting   | 3 4 |  4.2
Stealth        | |  1.5

Action                   |  1- 3 |  4- 6 |  7- 9 || total
-------------------------+-------+-------+-------++-------
Melee: Unarmed           |       |     3 |       ||     3
 Fire: Hunting sling     |     8 |    28 |    12 ||    48
 Cast: Flame Tongue      |    54 |    52 |    34 ||   140
       Conjure Flame     |     2 |       |       ||     2
       Sticky Flame      |       |     6 |     7 ||    13
  Eat: Chunk             |     1 |     3 |     2 ||     6
Armor: Skin              |     4 |     1 |     4 ||     9
Dodge: Dodged            |    15 |    20 |    11 ||    46
Block: Other             |     5 |     2 |     3 ||    10
